 Dungeon Crawl Stone Soup version 0.19-a0-1682-g5114f93 (webtiles) character file.

13640 Saways the Carver (level 11, -5/83 HPs)
             Began as a Mummy Fighter on Sept 24, 2016.
             Was the Champion of Okawaru.
             Slain by a red ugly thing (20 damage)
             ... on level 11 of the Dungeon.
             The game lasted 00:23:22 (14743 turns).

Saways the Carver (Mummy Fighter)                  Turns: 14743, Time: 00:23:23

Health: -5/83      AC: 24    Str: 27    XL:     11   Next: 78%
Magic:  15/15      EV: 12    Int:  7    God:    Okawaru [******]
Gold:   303        SH:  0    Dex: 15    Spells: 0 memorised, 10 levels left

rFire  . . .     SeeInvis .     B - +3 great sword (elec)
rCold  + . .     Gourm    .     A - +7 Kryia's mail coat {DeviceHeal*2 rC+}
rNeg   + + +     Faith    .     (shield currently unavailable)
rPois  ∞         Spirit   .     k - +1 helmet
rElec  .         Dismiss  +     q - +2 cloak {MR+}
rCorr  .         Reflect  .     j - +2 pair of gloves {Str+3}
MR     ++...     Harm     .     (no boots)
Stlth  ..........               w - amulet of dismissal
                                t - +4 ring of strength
                                u - ring of fire

@: no status effects
A: no food or potions, fire vulnerability, cold resistance 1, negative energy
resistance 3, torment resistance, unbreathing
a: Heroism, Finesse, Renounce Religion


You were on level 11 of the Dungeon.
You worshipped Okawaru.
Okawaru was exalted by your worship.
You were not hungry.

You visited 2 branches of the dungeon, and saw 12 of its levels.
You also visited: Sewer.

You collected 1279 gold pieces.
You spent 976 gold pieces at shops.

Inventory:

Hand Weapons
 a - a +1 long sword
 s - the +2 falchion "Suapoin" {venom, Int+5}
   (You took it off a centaur on level 5 of the Dungeon)

   It poisons the flesh of those it strikes.
   It affects your intelligence (+5).
 B - a +3 great sword of electrocution (weapon)
Armour
 j - a +2 pair of gloves of strength (worn)
 k - a +1 helmet (worn)
 q - a +2 cloak of magic resistance (worn)
 v - a +0 buckler
 A - the +7 Kryia's mail coat (worn) {DeviceHeal*2 rC+}
   (You found it on level 7 of the Dungeon)

   It protects you from cold.
 C - a +2 shield
Rods
 o - a +0 rod of inaccuracy (14/14)
   (You found it on level 8 of the Dungeon)
Jewellery
 g - an uncursed ring of stealth
 p - an uncursed amulet of harm
 t - a +4 ring of strength (right hand)
 u - a ring of fire (left hand)
 w - an amulet of dismissal (around neck)
 x - a +3 ring of protection
 D - a cursed amulet of inaccuracy
Wands
 c - a wand of confusion (17/48)
Scrolls
 b - a scroll of fear
 d - 5 scrolls of remove curse
 e - a scroll of identify
 f - 6 scrolls of teleportation
 h - 3 scrolls of blinking
 i - 3 scrolls of amnesia
 l - 3 scrolls of noise
 n - a scroll of fog
 z - a scroll of magic mapping
 E - 4 scrolls of random uselessness {unknown}
 F - a scroll of summoning
 G - a scroll of recharging {unknown}
Books
 r - a book of Flames

   Spells                             Type                      Level
   a - Flame Tongue                   Conjuration/Fire             1
   b - Throw Flame                    Conjuration/Fire             2
   c - Conjure Flame                  Conjuration/Fire             3
   d - Inner Flame                    Hexes/Fire                   3
   e - Sticky Flame                   Conjuration/Fire             4
   f - Fireball                       Conjuration/Fire             5
Miscellaneous
 y - a box of beasts


   Skills:
 + Level 6.4 Fighting
 * Level 11.8 Long Blades
   Level 0.1 Staves
 + Level 6.3 Armour
 + Level 3.4 Dodging
 - Level 4.4 Shields
 * Level 6.4 Invocations


You had 10 spell levels left.
You didn't know any spells.

Dungeon Overview and Level Annotations

Branches:
Dungeon (11/15)            Temple (0/1) D:7            Lair (0/6) D:8
    Orc (1/2) D:9

Altars:
Ashenzari
Dithmenos
Makhleb
Nemelex Xobeh
Okawaru
Qazlal
Ru
Trog
Vehumet
Yredelemnul

Shops:
D:6 =   D:9 (}}![   D:10 [(?:

Annotations:
D:8 1 exclusion


Innate Abilities, Weirdness & Mutations

You do not eat or drink.
Your flesh is vulnerable to fire.
You are immune to poison.
Your flesh is cold resistant. (rC+)
You are immune to negative energy. (rN+++)
You are immune to unholy pain and torment.
You can survive without breathing.


Message History

A red ugly thing opens the door.
A red ugly thing is nearby!
A red ugly thing is nearby!
The red ugly thing gurgles horribly!
There is an open door here.
The red ugly thing engulfs you!
You are engulfed in flames!
You slice the red ugly thing!!
The red ugly thing is moderately wounded.
The red ugly thing engulfs you!
You are engulfed in flames!
* * * LOW HITPOINT WARNING * * *
You are too injured to fight recklessly!
You are too injured to fight recklessly!
The red ugly thing completely misses you.
There is an open door here.
There is an open door here.
Okay, then.
The red ugly thing engulfs you!
* * * LOW HITPOINT WARNING * * *
You are engulfed in flames!!
You die...

############ .....# #..........#
# .....##### #..........####### #
.....#...###................# #
.....'...'.'...u@)..........#####
.....#...###.....................
.....#...# #.....................
.....#...# #..........###....!...
.....#...# #..........# #........
.....#...# #..........# #........
)....#(..# #..........# #........
.....#...# #..........# #........
'#####...############.###........


You could see a red ugly thing.

Vanquished Creatures
  Erolcha (Orc:1)
  An orc high priest (D:9)
  4 hill giants (D:10)
  2 orc sorcerers (D:9)
  2 trolls
  A two-headed ogre (D:10)
  A hippogriff (D:8)
  Sigmund (D:2)
  A wyvern (D:10)
  A wraith (D:11)
  10 yaks
  A warg (Orc:1)
  2 soldier ants
  A hell hound (D:8)
  A sky beast (D:7)
  9 orc warriors
  4 ice beasts
  A necrophage (D:10)
  3 phantoms
  2 wasps (D:8)
  6 ogres
  5 centaurs
  2 crocodiles
  8 big kobolds
  3 bullfrogs
  A gnoll sergeant (D:10)
  8 killer bees
  6 scorpions
  3 wights (D:9)
  An electric eel (D:9)
  2 bullfrog zombies
  5 hounds
  2 quasits
  6 crimson imps
  A wasp zombie (D:11)
  A centaur skeleton (D:10)
  11 orc priests
  Crazy Yiuf (D:2)
  A gnoll shaman (D:8)
  Ijyb (D:2)
  A bullfrog skeleton (D:10)
  4 iguanas
  18 orc wizards
  6 worker ants
  A hound skeleton (D:9)
  A howler monkey skeleton (D:5)
  13 gnolls
  13 adders
  A river rat (Sewer)
  10 oozes
  2 adder skeletons
  5 worms
  5 leopard geckos
  73 orcs
  3 bats
  2 giant cockroaches
  4 goblins
  6 hobgoblins
  6 jackals
  5 quokkas
  3 ball pythons
  6 frilled lizards
  15 kobolds
  A leopard gecko skeleton (D:9)
  2 quokka skeletons
  2 quokka zombies
  10 rats
341 creatures vanquished.

Vanquished Creatures (others)
  2 orcs (D:9)
2 creatures vanquished.

Grand Total: 343 creatures vanquished

Notes
Turn   | Place    | Note
-------+----------+-------------------------------------------
     0 | D:1      | Saways the Mummy Fighter began the quest for the Orb.
     0 | D:1      | Reached XP level 1. HP: 18/18 MP: 1/1
   432 | D:1      | Reached XP level 2. HP: 24/24 MP: 2/2
   822 | D:2      | Found a basalt altar of Yredelemnul.
   825 | D:2      | Found an iron altar of Okawaru.
   829 | D:2      | Found a radiant altar of Vehumet.
   829 | D:2      | Found a sparkling altar of Nemelex Xobeh.
   834 | D:2      | Became a worshipper of Warmaster Okawaru
   958 | D:2      | Noticed Ijyb
   974 | D:2      | Killed Ijyb
   974 | D:2      | Reached skill level 2 in Long Blades
   974 | D:2      | Reached XP level 3. HP: 29/29 MP: 3/3
  1048 | D:2      | Noticed Sigmund
  1106 | D:2      | Killed Sigmund
  1106 | D:2      | Reached * piety under Okawaru
  1106 | D:2      | Reached skill level 3 in Long Blades
  1106 | D:2      | Reached skill level 1 in Dodging
  1106 | D:2      | Reached skill level 1 in Invocations
  1106 | D:2      | Reached XP level 4. HP: 7/36 MP: 4/4
  1106 | D:2      | Reached XP level 5. HP: 8/41 MP: 5/5
  1365 | D:2      | Found a shattered altar of Ashenzari.
  1551 | D:2      | Found a runed door.
  1670 | D:2      | Noticed Crazy Yiuf
  1687 | D:2      | Killed Crazy Yiuf
  1687 | D:2      | Reached XP level 6. HP: 29/47 MP: 6/6
  2040 | D:3      | Reached skill level 4 in Long Blades
  2530 | D:4      | Found a glowing drain.
  2552 | Sewer    | Entered a sewer
  2792 | Sewer    | Reached XP level 7. HP: 45/53 MP: 8/8
  2797 | Sewer    | Reached skill level 5 in Long Blades
  2984 | Sewer    | Reached ** piety under Okawaru
  3415 | D:4      | Reached XP level 8. HP: 54/60 MP: 8/10
  3505 | D:4      | Reached skill level 6 in Long Blades
  3839 | D:5      | Entered Level 5 of the Dungeon
  4508 | D:5      | Reached *** piety under Okawaru
  4649 | D:5      | Reached skill level 7 in Long Blades
  4922 | D:5      | Got a steaming falchion {venom}
  4923 | D:5      | Identified the cursed +2 falchion "Suapoin" {venom, Int+5} (You took it off a centaur on level 5 of the Dungeon)
  5412 | D:6      | Reached XP level 9. HP: 42/67 MP: 11/11
  5682 | D:6      | Found a sparkling altar of Nemelex Xobeh.
  6229 | D:6      | Found Vathricust's Jewellery Shop.
  6619 | D:7      | Found a staircase to the Ecumenical Temple.
  6670 | D:7      | Found a sacrificial altar of Ru.
  6675 | D:7      | Found a shattered altar of Ashenzari.
  6678 | D:7      | Found a burning altar of Makhleb.
  6681 | D:7      | Found a shadowy altar of Dithmenos.
  7167 | D:8      | Reached **** piety under Okawaru
  7167 | D:8      | Reached skill level 5 in Fighting
  7170 | D:8      | Reached skill level 8 in Long Blades
  7195 | D:8      | Found a stormy altar of Qazlal.
  7304 | D:8      | Found a staircase to the Lair.
  8024 | D:8      | Identified a +0 rod of inaccuracy (14/14) (You found it on level 8 of the Dungeon)
  8268 | D:9      | Found Kaggesana's Antique Weapon Emporium.
  8814 | D:9      | Reached XP level 10. HP: 67/74 MP: 13/13
  9107 | D:9      | Found Tyeph's Gadget Shoppe.
  9112 | D:9      | Found Ijubynti's Distillery.
  9138 | D:9      | Reached skill level 9 in Long Blades
  9184 | D:9      | Reached ***** piety under Okawaru
  9184 | D:9      | Reached skill level 5 in Armour
  9595 | D:9      | Found Poeseuc's Antique Armour Shop.
  9599 | D:9      | Bought a pair of glowing gloves for 99 gold pieces
  9599 | D:9      | Bought a glowing hat for 88 gold pieces
  9705 | D:9      | Found a bloodstained altar of Trog.
  9717 | D:9      | Received a gift from Okawaru
  9854 | D:9      | Found Faixuosu's Gadget Boutique.
  9942 | D:9      | Bought a box of beasts for 280 gold pieces
  9983 | D:9      | Reached skill level 5 in Invocations
 10085 | D:9      | Found a staircase to the Orcish Mines.
 10272 | Orc:1    | Entered Level 1 of the Orcish Mines
 10274 | Orc:1    | Noticed an orc sorcerer
 10406 | D:9      | Killed an orc sorcerer
 10486 | Orc:1    | Noticed an orc high priest
 10491 | Orc:1    | Noticed an orc sorcerer
 10515 | D:9      | Killed an orc high priest
 10660 | D:9      | Noticed a sixfirhy
 10667 | D:9      | Killed an orc sorcerer
 10667 | D:9      | Reached skill level 10 in Long Blades
 11163 | Orc:1    | Noticed Erolcha
 11188 | Orc:1    | Killed Erolcha
 11231 | Orc:1    | Noticed an orc knight
 11260 | Orc:1    | Noticed a cyclops
 11544 | D:9      | Reached XP level 11. HP: 60/81 MP: 15/15
 12336 | D:10     | Entered Level 10 of the Dungeon
 12341 | D:10     | Noticed a hill giant
 12359 | D:10     | Killed a hill giant
 12505 | D:10     | Found Ozyoca's Book Shoppe.
 12528 | D:10     | Received a gift from Okawaru
 12767 | D:10     | Noticed a hill giant
 12779 | D:10     | Killed a hill giant
 12819 | D:10     | Found Eddas's Armour Shoppe.
 12819 | D:10     | Noticed a hill giant
 12948 | D:10     | Bought a +2 cloak of magic resistance for 322 gold pieces
 13018 | D:10     | Found Caulejem's Magic Scroll Shoppe.
 13043 | D:10     | Bought a scroll of summoning for 142 gold pieces
 13043 | D:10     | Bought a scroll of teleportation for 45 gold pieces
 13271 | D:10     | Killed a hill giant
 13271 | D:10     | Reached skill level 11 in Long Blades
 13430 | D:10     | Noticed a hill giant
 13435 | D:10     | Killed a hill giant
 13966 | D:10     | Found Inuoh's Antique Weapon Boutique.
 14357 | D:11     | Noticed a red ugly thing
 14507 | D:11     | Reached ****** piety under Okawaru
 14683 | D:11     | Received a gift from Okawaru
 14743 | D:11     | Slain by a red ugly thing

Vault maps used:
D:1:      dpeg_arrival_arbitrary_b, minmay_small_reverse_x
D:2:      grunt_temple_overflow_open, minmay_misc_feat_roman,
          kennysheep_flooded_box, uniq_crazy_yiuf_cottage, uniq_iyjb,
          uniq_sigmund
D:3:      first_bread, minmay_misc_feat_cross
D:4:      minmay_door_path, portal_sewer_entry_d
D:5:      kennysheep_windowed_halls
D:6:      serial_shops, shop, nemelex_lonely_heart_becter
D:7:      grunt_temple_overflow_cloverleaf
D:8:      lemuel_doored_altar, minmay_lair_entry_lava,
          hangedman_pestilent_swarm, minivault_5
D:9:      erik_orc_2, serial_shops, shop, nicolae_shop_behind_doors,
          kennysheep_mini, nicolae_shop_crystal, nicolae_shop_statue_plus,
          basic_altar
D:10:     serial_shops, shop_scrolls, shop, nicolae_shop_trees,
          nicolae_shop_trees
Orc:1:    nicolae_orc_tapped_out, uniq_erolcha
Sewer:    sewer_co_tree

Skill      XL: |  1  2  3  4  5  6  7  8  9 10 11 |
---------------+----------------------------------+-----
Long Blades    | 2 3 4 5 7 8 10 11 | 11.8
Dodging        | 1 2 3 |  3.4
Invocations    | 1 2 3 4 5 6 |  6.4
Armour         | 3 4 5 6 |  6.3
Fighting       | 4 5 6 |  6.4
Shields        | 4 |  4.4
Staves         | |  0.1

Action                   |  1- 3 |  4- 6 |  7- 9 | 10-12 || total
-------------------------+-------+-------+-------+-------++-------
Melee: Long sword        |   120 |   195 |   325 |       ||   640
       Quarterstaff      |       |     8 |       |       ||     8
       Falchion          |       |       |   354 |   416 ||   770
       Great sword       |       |       |       |   198 ||   198
Invok: Heroism           |       |       |     1 |     1 ||     2
Evoke: Wand              |       |       |       |     2 ||     2
  Use: Scroll            |       |     6 |     9 |     2 ||    17
Armor: Scale mail        |    52 |    93 |   147 |   211 ||   503
       Plate armour      |       |       |   190 |       ||   190
Dodge: Dodged            |    28 |    79 |   240 |   219 ||   566
Block: Shield            |    44 |    19 |       |       ||    63
       Buckler           |       |       |    49 |    62 ||   111
